 Dungeon Crawl Stone Soup version 0.26-a0-606-g3c8f2f65f7 (webtiles) character file.

Game seed: 17123845980629464406

67 ANON1729 the Shield-Bearer (level 4, -1/37 HPs)
             Began as a Formicid Fighter on Sept 1, 2020.
             Slain by Sigmund
             ... wielding a +3 scythe of venom
              (7 damage)
             ... on level 2 of the Dungeon.
             The game lasted 00:01:28 (852 turns).

ANON1729 the Shield-Bearer (Formicid Fighter)        Turns: 852, Time: 00:01:28

Health: -1/37      AC:  7    Str: 21    XL:     4   Next: 40%
Magic:  4/4        EV:  8    Int:  8    God:
Gold:   92         SH:  0    Dex: 10    Spells: 3/3 levels left

rFire    . . .     SeeInvis +   a - +0 war axe
rCold    . . .     Faith    .   c - +0 kite shield
rNeg     . . .     Spirit   .   b - +0 scale mail
rPois    .         Reflect  .   (helmet unavailable)
rElec    .         Harm     .   (no cloak)
rCorr    .                      (no gloves)
MR       .....                  (no boots)
Stlth    ..........             (no amulet)
HPRegen  0.12/turn              (no ring)
MPRegen  0.09/turn              (no ring)

@: confused, lethally poisoned (-1 -> -17), flying
A: permanent stasis, dig shafts and tunnels, four strong arms, antennae 3
a: Dig, Shaft Self


You were on level 2 of the Dungeon.
You visited 1 branch of the dungeon, and saw 2 of its levels.

You collected 92 gold pieces.

Inventory:

Hand Weapons
 a - a +0 war axe (weapon)
Armour
 b - a +0 scale mail (worn)
 c - a +0 kite shield (worn)
Scrolls
 f - a scroll of teleportation {unknown}
 g - 3 scrolls of identify {unknown}
 h - 3 scrolls of enchant armour {unknown}
 k - a scroll of fear {unknown}
Potions
 d - a potion of might
 i - a potion of degeneration {unknown}
 j - a potion of magic {unknown}
 l - a potion of stabbing {unknown}


   Skills:
 + Level 3.8 Fighting
 + Level 2.7 Axes
 + Level 3.9 Armour
 + Level 4.3 Shields


You had 3 spell levels left.
You didn't know any spells.
Your spell library was empty.

Dungeon Overview and Level Annotations

Branches:
Dungeon (2/15)

Altars:

Annotations:
D:2 Sigmund


Innate Abilities, Weirdness & Mutations

You cannot be hasted, slowed, berserked, paralysed or teleported.
You can dig through walls and to a lower floor.
Your four strong arms can wield two-handed weapons with a shield.
You have a pair of large antennae on your head. (SInv)


Message History

Sigmund hits you from afar with a +3 scythe of venom.
You are more poisoned.
You feel sick.
You're too confused to move!
You feel sick. Sigmund barely misses you.
You miss Sigmund.
Sigmund is severely wounded.
You feel sick. Sigmund hits you but does no damage.
You are more poisoned.
You feel sick.
Sigmund points at you and mumbles some strange words.
The puff of flame hits you!
* * * LOW HITPOINT WARNING * * *
You aren't carrying any items that you can evoke.
It was a potion of flight.
You feel very buoyant.
You fly up into the air.
* * * LOW HITPOINT WARNING * * *
You feel sick.
Sigmund hits you from afar with a +3 scythe of venom!
You die...

###..††#..#..#..
..#.#...#...#...#...#...
#.#<..#....#....#....#...
#......#.....#.....#.....
##.......#......#......#
#..#.......#..)....#...
#.....................
#....###....#.....#
##....# ##.###..@..#
......# #.# #.#...#
.)########.###.#@###
........##.....#..
........##########.
...........# .#
.........#.## .
............# ##
#........#..#


You could see Sigmund.

Vanquished Creatures
  An adder (D:2)
  2 oozes (D:2)
  3 worms (D:2)
  2 leopard geckos
  3 giant cockroaches
  4 goblins
  5 hobgoblins (D:1)
  3 jackals (D:1)
  5 kobolds
  3 bats (D:1)
  5 frilled lizards
  2 rats (D:1)
38 creatures vanquished.

Notes
Turn   | Place    | Note
-------+----------+-------------------------------------------
     0 | D:1      | ANON1729 the Formicid Fighter began the quest for the Orb.
     0 | D:1      | Reached XP level 1. HP: 18/18 MP: 1/1
     2 | D:1      | Noticed a spriggan
     4 | D:1      | Noticed a minotaur
     4 | D:1      | Noticed a vine stalker
     6 | D:1      | Noticed a gargoyle
     6 | D:1      | Noticed an elf
     8 | D:1      | Noticed a vampire
    10 | D:1      | Noticed a human
    12 | D:1      | Noticed an octopode
    12 | D:1      | Noticed a draconian
    15 | D:1      | Noticed a formicid
    15 | D:1      | Noticed a ghoul
    17 | D:1      | Noticed a troll
    17 | D:1      | Noticed an ogre
    19 | D:1      | Noticed a merfolk
    19 | D:1      | Noticed a halfling
    21 | D:1      | Noticed a tengu
    21 | D:1      | Noticed a felid
    23 | D:1      | Noticed a dwarf
    25 | D:1      | Noticed a centaur
    25 | D:1      | Noticed a demonspawn
    27 | D:1      | Noticed a demigod
    27 | D:1      | Noticed a naga
    76 | D:1      | Reached XP level 2. HP: 24/24 MP: 2/2
   210 | D:1      | Reached skill level 4 in Shields
   210 | D:1      | Reached XP level 3. HP: 25/29 MP: 3/3
   552 | D:2      | Reached XP level 4. HP: 7/37 MP: 4/4
   842 | D:2      | Noticed Sigmund
   852 | D:2      | Slain by Sigmund

Illustrated notes

Levels and vault maps discovered:
D:1:      kb_arrival_jail, layout_rooms
D:2:      layout_basic, minmay_increasing_density, uniq_sigmund

Skill      XL: |  1  2 |
---------------+-------+-----
Shields        | 4 |  4.3
Fighting       | |  3.8
Axes           | |  2.7
Armour         | |  3.9

Action                   |  1- 3 |  4- 6 || total
-------------------------+-------+-------++-------
Melee: War axe           |    95 |    25 ||   120
  Use: Potion            |       |     1 ||     1
Armor: Scale mail        |    46 |    11 ||    57
Dodge: Dodged            |    52 |    10 ||    62
Block: Kite shield       |    71 |    10 ||    81

Table legend: (Time is in decaauts)
 A = Elapsed time spent in this place.
 B = Non-inter-level travel time spent in this place.
 C = Inter-level travel time spent in this place.
 D = Time resting spent in this place.
 E = Time spent auto-exploring this place.
 F = Levels seen in this place.
 G = Mean time per level.
                   A        B        C        D        E       F      G
               +--------+--------+--------+--------+--------+-----+--------+
         Total |    904 |    892 |     12 |    178 |    408 |   2 |  452.0 |
       Dungeon |    904 |    892 |     12 |    178 |    408 |   2 |  452.0 |
               +--------+--------+--------+--------+--------+-----+--------+

Top non-repeatable levels by time:
     D:1: 489 daAuts
     D:2: 415 daAuts
